 Dungeon Crawl Stone Soup version 0.21.1-1-g345015fe64 (webtiles) character file.

601 Nattfarinn the Covert (level 7, -2/46 HPs)
             Began as a Vampire Enchanter on May 2, 2018.
             Slain by an orc
             ... wielding a +0 mace
              (5 damage)
             ... on level 4 of the Dungeon.
             The game lasted 00:14:09 (7302 turns).

Nattfarinn the Covert (Vampire Enchanter)           Turns: 7302, Time: 00:14:10

Health: -2/46      AC:  2    Str:  7    XL:     7   Next: 18%
Magic:  7/14       EV: 13    Int: 17    God:
Gold:   115        SH:  0    Dex: 17    Spells: 6/15 levels left

rFire    . . .     SeeInvis +   a - +1 dagger
rCold    + + .     Gourm    .   (no shield)
rNeg     + + +     Faith    .   b - +0 robe
rPois    ∞         Spirit   .   (no helmet)
rElec    .         Reflect  .   (no cloak)
rCorr    .         Harm     .   (no gloves)
MR       .....                  (no boots)
Stlth    ++++++....             (no amulet)
HPRegen  0.00/turn              (no ring)
MPRegen  0.14/turn              (no ring)

@: very slightly contaminated, bloodless, non-regenerating
A: fangs 3, see invisible, unbreathing
a: Bat Form


You were on level 4 of the Dungeon.
You were bloodless.

You visited 1 branch of the dungeon, and saw 4 of its levels.

You collected 115 gold pieces.

Inventory:

Hand Weapons
 a - a +1 dagger (weapon)
Armour
 b - a +0 robe (worn)
Jewellery
 n - an uncursed ring of protection from fire {unknown}
 p - a cursed ring of teleportation {unknown}
Scrolls
 d - a scroll of amnesia {unknown}
 e - 8 scrolls of identify {unknown}
 f - 2 scrolls of fog {unknown}
 h - a scroll of fear {unknown}
 j - a scroll of noise {unknown}
 k - a scroll of teleportation {unknown}
 l - a scroll of blinking {unknown}
Potions
 g - a potion of agility {unknown}
 i - 3 potions of curing {unknown}
 m - a potion of cancellation {unknown}
 o - 3 potions of haste {unknown}
 q - 2 potions of blood
 r - a potion of heal wounds {unknown}
Books
 c - a book of Maledictions

   Spells                             Type                      Level
   a - Corona                         Hexes                        1
   b - Ensorcelled Hibernation        Hexes/Ice                    2
   c - Confuse                        Hexes                        3
   d - Tukima's Dance                 Hexes                        3
   e - Dazzling Spray                 Conjuration/Hexes            3
Miscellaneous
 s - a fan of gales


   Skills:
 - Level 1.1 Short Blades
 - Level 2.1 Dodging
 * Level 8.8 Stealth
 * Level 4.8 Spellcasting
 + Level 6.6 Hexes


You had 6 spell levels left.
You knew the following spells:

 Your Spells              Type           Power        Failure   Level  Hunger
a - Corona                Hex            ####...      1%          1    None
b - Ensorcelled Hibernat  Hex/Ice        ###...       5%          2    #......
c - Confuse               Hex            ####....     2%          3    ###....
d - Tukima's Dance        Hex            ####....     2%          3    ###....


Dungeon Overview and Level Annotations

Branches:
Dungeon (4/15)
 Temple: D:4-7

Altars:
Sif Muna

Annotations:
D:4 freekh's ghost, amateur GnWn


Innate Abilities, Weirdness & Mutations

You do not heal naturally.
You are immune to poison.
You have razor-sharp teeth.
You have supernaturally acute eyesight. (SInv)
You can survive without breathing.


Message History

* * * LOW HITPOINT WARNING * * *
You hit the orc.
The orc is heavily wounded.
The orc hits you with a mace.
* * * LOW HITPOINT WARNING * * *
You closely miss the orc.
The orc is heavily wounded.
You hit the orc but do no damage.
The orc is heavily wounded.
The orc hits you with a mace!
* * * LOW HITPOINT WARNING * * *
Casting: Confuse
Confirm with . or Enter, or press ? or * to list all spells.
Aiming: Tukima's Dance
Press: ? - help, Shift-Dir - straight line, f - orc, p - freekh's ghost
Aim: an orc, wielding a mace and wearing a chain mail (heavily wounded, chance to defeat MR: 81%)
You miscast Tukima's Dance.
You are very lightly contaminated with residual magic.
You feel a bit tired. The orc hits you with a mace.
You die...

o...... #.# #.# .......
#.####.# O......
#....#.# #######
###########.#O# #......#
#.#W# ##########.####.#
#.#.# ...oW.O.........#
#.#.#
##########o#########.#.#
#.#W.%.@o<[)#.#
#W#.#######.#.#
#.#.#######.#.#
#O#.........#.#
#.###########†# #o# #.#
#.# #.# #.###########.#
#.....W.O.o...#


You could see freekh's ghost (confused) and an orc.

Vanquished Creatures
  The ghost of Thargor the Skirmisher, an amateur OgBe of Trog (D:3)
  An ogre (D:4)
  3 jellies (D:3)
  Jessica (D:3)
  An orc wizard (D:3)
  A worker ant (D:4)
  4 adders
  11 oozes
  A worm (D:2)
  A dart slug (D:3)
  A leopard gecko (D:3)
  7 orcs
  A ball python (D:3)
  12 bats
  2 giant cockroaches
  9 goblins
  6 hobgoblins
  5 jackals
  20 kobolds
  A quokka (D:3)
  6 frilled lizards
  9 rats
104 creatures vanquished.

Vanquished Creatures (collateral kills)
  2 orcs (D:3)
2 creatures vanquished.

Vanquished Creatures (others)
  A dancing weapon (D:4)
  5 fungi (D:3)
  9 toadstools (D:3)
15 creatures vanquished.

Grand Total: 121 creatures vanquished

Notes
Turn   | Place    | Note
-------+----------+-------------------------------------------
     0 | D:1      | Nattfarinn the Vampire Enchanter began the quest for the Orb.
     0 | D:1      | Reached XP level 1. HP: 13/13 MP: 3/3
   343 | D:1      | Reached XP level 2. HP: 19/19 MP: 3/5
   353 | D:1      | Learned a level 2 spell: Ensorcelled Hibernation
   519 | D:1      | Reached skill level 5 in Stealth
  1394 | D:1      | Reached XP level 3. HP: 24/24 MP: 6/6
  1399 | D:1      | Learned a level 3 spell: Confuse
  2122 | D:2      | Reached skill level 5 in Hexes
  2243 | D:2      | Reached XP level 4. HP: 30/30 MP: 1/8
  2308 | D:2      | Learned a level 3 spell: Tukima's Dance
  2332 | D:2      | Reached skill level 6 in Stealth
  2581 | D:2      | Found a deep blue altar of Sif Muna.
  2736 | D:3      | Noticed Thargor's ghost (amateur OgBe)
  4443 | D:3      | Reached XP level 5. HP: 24/35 MP: 3/10
  4691 | D:3      | Reached skill level 7 in Stealth
  5435 | D:3      | Reached XP level 6. HP: 36/41 MP: 8/12
  6009 | D:3      | Noticed Jessica
  6028 | D:3      | Killed Jessica
  6558 | D:3      | Killed Thargor's ghost
  6558 | D:3      | Reached skill level 8 in Stealth
  6999 | D:4      | Reached XP level 7. HP: 46/46 MP: 13/13
  7081 | D:4      | Noticed freekh's ghost (amateur GnWn)
  7302 | D:4      | Slain by an orc

Skill      XL: |  1  2  3  4  5  6 |
---------------+-------------------+-----
Stealth        | 5 6 7 8 |  8.8
Hexes          | 5 6 |  6.6
Spellcasting   | 3 4 |  4.8
Short Blades   | |  1.1
Dodging        | |  2.1

Action                   |  1- 3 |  4- 6 |  7- 9 || total
-------------------------+-------+-------+-------++-------
Melee: Dagger            |   147 |   186 |    41 ||   374
       Bite              |     9 |    16 |     2 ||    27
 Cast: Corona            |     6 |     1 |       ||     7
       Ensorcelled Hiber |    11 |    34 |     1 ||    46
       Confuse           |       |    13 |     7 ||    20
       Tukima's Dance    |       |     1 |     1 ||     2
  Use: Potion            |       |     7 |       ||     7
 Stab: Sleeping          |    23 |    30 |       ||    53
       Confused          |       |     7 |     3 ||    10
  Eat: Corpse            |     1 |       |       ||     1
Armor: Robe              |    36 |    13 |     4 ||    53
Dodge: Dodged            |   117 |    84 |    24 ||   225
